 Dungeon Crawl Stone Soup version 0.29-a0-283-ga02f740833 (webtiles) character file.

Game seed: 2026628280610388975

856 enile the Caller (level 8, -4/50 (60) HPs)
             Began as a Gnoll Wanderer on Mar 13, 2022.
             Was an Elder of Vehumet.
             Slain by a wight
             ... wielding a +0 flail
              (7 damage)
             ... on level 8 of the Dungeon.
             The game lasted 00:09:22 (6584 turns).

enile the Caller (Gnoll Wanderer)                   Turns: 6584, Time: 00:09:23

HP:   -4/50 (60)    AC:  5    Str: 13    XL:     8   Next: 2%
MP:   0/14          EV: 12    Int: 11    God:    Vehumet [****..]
Gold: 214           SH:  0    Dex: 13    Spells: 7/15 levels left

rFire   . . .      SeeInvis .   j - +2 dagger (venom)
rCold   . . .      Faith    .   (no shield)
rNeg    . . .      Spirit   +   c - +0 robe
rPois   .          Reflect  .   o - +2 helmet
rElec   .          Harm     .   (no cloak)
rCorr   .          Rampage  .   (no gloves)
Will    .....                   (no boots)
Stlth   +++.......              k - amulet of guardian spirit
HPRegen 0.16/turn               r - ring of flight
MPRegen 0.14/turn               (no ring)

@: about to teleport, flying, hasted, heavily drained, very quick
A: fangs 1, strong nose, distributed training
a: Renounce Religion


You were on level 8 of the Dungeon.
You worshipped Vehumet.
Vehumet was greatly pleased with you.
You visited 1 branch of the dungeon, and saw 6 of its levels.
You also visited: Sewer.

You collected 214 gold pieces.

Inventory:

Hand Weapons
 a - a +0 dagger
 g - a +0 dagger of speed
 j - a +2 dagger of venom (weapon)
 E - a +2 short sword of electrocution
Missiles
 w - 6 curare-tipped darts (quivered)
 F - 25 poisoned darts
Armour
 c - a +0 robe (worn)
 d - a +0 helmet
 m - a +0 buckler
 n - a +0 plate armour
 o - a +2 helmet (worn)
Magical Staves
 G - a staff of cold
Jewellery
 k - an amulet of guardian spirit (around neck)
 r - a ring of flight (left hand)
 v - a ring of ice
Scrolls
 b - a scroll of blinking
 f - a scroll of vulnerability
 l - a scroll of noise
 q - a scroll of silence
 s - 2 scrolls of magic mapping
 t - a scroll of fear {unknown}
 u - a scroll of fog {unknown}
 x - a scroll of enchant weapon {unknown}
 y - a scroll of enchant armour
 B - a scroll of identify
Potions
 h - a potion of haste
 i - 2 potions of heal wounds {unknown}
 p - a potion of curing {unknown}
 z - a potion of cancellation {unknown}
 A - a potion of resistance {unknown}
 C - 2 potions of invisibility {unknown}
 D - 2 potions of brilliance {unknown}


   Skills:
 + Level 3.9 Fighting
 + Level 2.8 Short Blades
 + Level 2.8 Long Blades
 + Level 2.8 Axes
 + Level 2.8 Maces & Flails
 + Level 2.8 Polearms
 + Level 2.8 Staves
 + Level 2.8 Slings
 + Level 2.8 Bows
 + Level 2.8 Crossbows
 + Level 2.8 Throwing
 + Level 2.8 Armour
 + Level 2.8 Dodging
 + Level 5.1 Stealth
 + Level 2.8 Shields
 + Level 2.8 Unarmed Combat
 + Level 4.0 Spellcasting
 + Level 2.3 Conjurations
 + Level 2.3 Hexes
 + Level 6.0 Summonings
 + Level 2.3 Necromancy
 + Level 2.3 Translocations
 + Level 2.3 Transmutations
 + Level 2.3 Fire Magic
 + Level 2.3 Ice Magic
 + Level 4.5 Air Magic
 + Level 2.3 Earth Magic
 + Level 2.3 Poison Magic
 + Level 3.1 Invocations
 + Level 3.9 Evocations


You had 7 spell levels left.
You knew the following spells:

 Your Spells              Type           Power      Damage    Failure   Level
a - Summon Small Mammal   Summ           60%        N/A       1%          1
b - Call Canine Familiar  Summ           15%        N/A       6%          3
c - Airstrike             Air            6%         N/A       11%         4

Your spell library contained the following spells:

 Spells                   Type           Power      Damage    Failure   Level
 Poisonous Vapours        Pois/Air       18%        N/A       2%          2
 Static Discharge         Conj/Air       9%         N/A       2%          2
 Call Imp                 Summ           15%        N/A       3%          2
 Slow                     Hex            28%        N/A       9%          1
 Ensorcelled Hibernation  Hex/Ice        14%        N/A       14%         2
 Confusing Touch          Hex            7%         N/A       26%         3
 Spider Form              Tmut/Pois      7%         N/A       26%         3
 Vampiric Draining        Necr           7%         2d6       26%         3
 Anguish                  Hex/Necr       3%         N/A       65%         4


Dungeon Overview and Level Annotations

Branches:
Dungeon (5/15)             Temple (0/1) D:5           Sewer (visited)

Altars:
Vehumet


Innate Abilities, Weirdness & Mutations

You have very sharp teeth.
Your uncanny sense of smell can sniff out nearby items.
Your experience applies equally to all skills.


Message History

4 wights come into view.
Found a heavily runed ring mail.
Found a stone staircase leading down.
Casting: Airstrike (dangerous; 11% risk of failure)
Confirm with . or Enter, or press ? or * to list all spells.
The wight closely misses you.
You completely miss the wight.
Your hound bites the wight but does no damage.
The wight attacks as you move away! The wight completely misses you.
The wight hits your hound with a +0 scimitar!
The wight hits you but does no damage.
Your hound bites the wight.
The wight attacks as you move away! The wight closely misses you.
Your hound bites the wight.
The wight hits your hound with a +0 scimitar!
Your hound dies!
Your hound's corpse disappears in a puff of smoke!
The wight hits you with a +0 flail.
You feel drained.
Okay, then.
As you read the scroll of teleportation, it crumbles to dust.
You feel strangely unstable. The wight misses you. The wight barely misses you.
The wight hits you with a +0 flail.
You feel drained.
You closely miss the wight. The wight closely misses you.
The wight hits you with a +0 scimitar!
You feel drained. The wight hits you with a +0 flail!
You feel drained. The wight barely misses you. The wight barely misses you.
The wight hits you with a +0 flail.
You feel drained.
You hit the wight but do no damage. You bite the wight.
The wight is lightly damaged.
The wight hits you with a +1 dire flail!
The wight hits you with a +2 war axe!
* * * LOW HITPOINT WARNING * * *
The wight closely misses you.
Okay, then.
It was a potion of haste.
You feel yourself speed up.
The wight hits you with a +1 dire flail.
* * * LOW HITPOINT WARNING * * *
You feel drained. The wight hits you with a +2 war axe.
* * * LOW HITPOINT WARNING * * *
The wight hits you with a +0 flail!
You die...

##########
#@zz......
#zz.......
#.........
#.........
#.........
#.....[.>.
##########


You could see 4 wights.

Vanquished Creatures
  A steam dragon (D:4)
  A kobold brigand (Sewer)
  A scorpion (D:4)
  A necrophage (D:4)
  A howler monkey (D:5)
  2 iguanas (D:5)
  5 adders
  11 river rats
  2 ufetubi
  2 worms
  3 dart slugs
  12 orcs
  8 bats
  5 endoplasms
  3 giant cockroaches (D:1)
  6 goblins
  6 hobgoblins
  6 quokkas
  9 ball pythons
  2 frilled lizards
  13 kobolds
  18 rats
118 creatures vanquished.

Vanquished Creatures (collateral kills)
  A kobold brigand (Sewer)
  A jelly (D:4)
  3 adders
  A river rat (Sewer)
  A white imp (D:3)
  A worm (D:3)
  A bat (D:1)
  An endoplasm (D:1)
  2 hobgoblins (D:1)
  6 kobolds
  A quokka (D:2)
  A ball python (Sewer)
  2 frilled lizards
  4 goblins
  7 rats (Sewer)
33 creatures vanquished.

Vanquished Creatures (others)
  5 toadstools (D:2)
5 creatures vanquished.

Grand Total: 156 creatures vanquished

Notes
Turn   | Place    | Note
-------+----------+-------------------------------------------
     0 | D:1      | enile the Gnoll Wanderer began the quest for the Orb.
     0 | D:1      | enile set off with the following items: a +0 dagger, a
                  | scroll of blinking, a +0 robe, a +0 helmet; and the
                  | following spell memorised: Summon Small Mammal; and the
                  | following spells available to memorise: Call Imp, Call
                  | Canine Familiar, Poisonous Vapours, Static Discharge
     0 | D:1      | Reached XP level 1. HP: 17/17 MP: 4/4
    78 | D:1      | Reached XP level 2. HP: 17/23 MP: 2/5
   687 | D:1      | Reached XP level 3. HP: 28/28 MP: 5/7
   782 | D:1      | Learned a level 3 spell: Call Canine Familiar
  1113 | D:2      | Found a faded altar of an unknown god.
  1116 | D:2      | Prayed at the altar of an unknown god.
  1116 | D:2      | Became a worshipper of Vehumet
  1116 | D:2      | Reached * piety under Vehumet
  1116 | D:2      | Offered knowledge of Freeze by Vehumet.
  1182 | D:2      | Reached skill level 1 in Invocations
  1419 | D:2      | Reached skill level 1 in Short Blades
  1419 | D:2      | Reached skill level 1 in Long Blades
  1419 | D:2      | Reached skill level 1 in Axes
  1419 | D:2      | Reached skill level 1 in Maces & Flails
  1419 | D:2      | Reached skill level 1 in Polearms
  1419 | D:2      | Reached skill level 1 in Staves
  1419 | D:2      | Reached skill level 1 in Slings
  1419 | D:2      | Reached skill level 1 in Bows
  1419 | D:2      | Reached skill level 1 in Crossbows
  1419 | D:2      | Reached skill level 1 in Throwing
  1419 | D:2      | Reached skill level 1 in Armour
  1419 | D:2      | Reached skill level 1 in Dodging
  1419 | D:2      | Reached skill level 1 in Shields
  1419 | D:2      | Reached skill level 1 in Unarmed Combat
  1575 | D:2      | Reached XP level 4. HP: 33/34 MP: 8/8
  2492 | D:3      | Reached skill level 1 in Conjurations
  2492 | D:3      | Reached skill level 1 in Hexes
  2492 | D:3      | Reached skill level 1 in Necromancy
  2492 | D:3      | Reached skill level 1 in Translocations
  2492 | D:3      | Reached skill level 1 in Transmutations
  2492 | D:3      | Reached skill level 1 in Fire Magic
  2492 | D:3      | Reached skill level 1 in Ice Magic
  2492 | D:3      | Reached skill level 1 in Earth Magic
  2492 | D:3      | Reached skill level 1 in Poison Magic
  2990 | D:4      | Noticed a scorpion
  3009 | D:4      | Killed a scorpion
  3010 | D:4      | Reached XP level 5. HP: 30/41 MP: 5/9
  3218 | D:4      | Reached ** piety under Vehumet
  3218 | D:4      | Offered knowledge of Sandblast by Vehumet.
  3289 | D:4      | Reached XP level 6. HP: 45/47 MP: 10/10
  3495 | D:4      | Found a glowing drain.
  3499 | Sewer    | Entered a sewer
  3735 | Sewer    | Offered knowledge of Conjure Flame by Vehumet.
  4076 | Sewer    | Reached *** piety under Vehumet
  4358 | Sewer    | Reached XP level 7. HP: 16/52 MP: 4/12
  4615 | Sewer    | Offered knowledge of Airstrike by Vehumet.
  5440 | D:4      | Noticed a steam dragon
  5452 | D:4      | Killed a steam dragon
  5453 | D:4      | Reached skill level 5 in Stealth
  5687 | D:4      | Learned a level 4 spell: Airstrike
  6143 | D:5      | Entered Level 5 of the Dungeon
  6288 | D:5      | Found a staircase to the Ecumenical Temple.
  6392 | D:5      | Reached **** piety under Vehumet
  6441 | D:5      | Reached skill level 6 in Summonings
  6441 | D:5      | Reached XP level 8. HP: 49/60 MP: 2/14
  6574 | D:5      | You are sucked into a shaft and drop 3 floors!
  6584 | D:8      | Slain by a wight

Illustrated notes

Levels and vault maps discovered:
D:1:      onia_arrival_pyramid, layout_rooms, grunt_decor_resistance,
          kennysheep_small_spiral
D:2:      layout_basic, nicolae_ecumenical_oubliette, amethyst_killhole,
          hex_large, serial_park_tiny_pond, minmay_gold_behind_fungi
D:3:      layout_basic, chequers_serial_rivers_micro_a
D:4:      layout_basic, gup_sewer_entry_spiral
D:5:      layout_loops_ring, old_standard_altar,
          minmay_temple_entry_statues_fountains, gammafunk_ghost_nasty_kobolds
D:8:      layout_gridville, enter_bailey_5, uniq_psyche, uniq_gastronok

Skill      XL: |  1  2  3  4  5  6  7 |
---------------+----------------------+-----
Invocations    | 1 2 3 |  3.1
Short Blades   | 1 2 |  2.8
Long Blades    | 1 2 |  2.8
Axes           | 1 2 |  2.8
Maces & Flails | 1 2 |  2.8
Polearms       | 1 2 |  2.8
Staves         | 1 2 |  2.8
Slings         | 1 2 |  2.8
Bows           | 1 2 |  2.8
Crossbows      | 1 2 |  2.8
Throwing       | 1 2 |  2.8
Armour         | 1 2 |  2.8
Dodging        | 1 2 |  2.8
Shields        | 1 2 |  2.8
Unarmed Combat | 1 2 |  2.8
Spellcasting   | 3 4 |  4.0
Conjurations   | 1 2 |  2.3
Hexes          | 1 2 |  2.3
Necromancy     | 1 2 |  2.3
Translocations | 1 2 |  2.3
Transmutations | 1 2 |  2.3
Fire Magic     | 1 2 |  2.3
Ice Magic      | 1 2 |  2.3
Earth Magic    | 1 2 |  2.3
Poison Magic   | 1 2 |  2.3
Fighting       | 3 |  3.9
Air Magic      | 4 |  4.5
Evocations     | 3 |  3.9
Stealth        | 5 |  5.1
Summonings     | 6 |  6.0

Action                   |  1- 3 |  4- 6 |  7- 9 || total
-------------------------+-------+-------+-------++-------
Melee: Dagger            |    78 |   178 |    52 ||   308
       Bite              |    11 |     9 |     6 ||    26
       Punch             |     1 |     3 |       ||     4
Throw: Dart              |       |     1 |       ||     1
 Cast: Summon Small Mamm |    19 |    12 |     9 ||    40
       Call Canine Famil |     1 |    23 |     7 ||    31
       Airstrike         |       |       |    12 ||    12
  Use: Scroll            |       |     6 |     1 ||     7
       Potion            |       |       |     1 ||     1
 Stab: Sleeping          |     5 |     9 |     3 ||    17
Armor: Robe              |    23 |    48 |    10 ||    81
Dodge: Dodged            |    50 |   106 |    36 ||   192

Table legend: (Time is in decaauts)
 A = Elapsed time spent in this place.
 B = Non-inter-level travel time spent in this place.
 C = Inter-level travel time spent in this place.
 D = Time resting spent in this place.
 E = Time spent auto-exploring this place.
 F = Levels seen in this place.
 G = Mean time per level.
                   A        B        C        D        E       F      G
               +--------+--------+--------+--------+--------+-----+--------+
         Total |   6555 |   6300 |    255 |    242 |   4834 |   7 |  936.4 |
       Dungeon |   4907 |   4652 |    255 |      0 |   3772 |   6 |  817.8 |
         Sewer |   1648 |   1648 |      0 |    242 |   1062 |   1 | 1648.0 |
               +--------+--------+--------+--------+--------+-----+--------+

Top non-repeatable levels by time:
   Sewer: 1648 daAuts
     D:4: 1487 daAuts
     D:1: 1131 daAuts
     D:3: 1027 daAuts
     D:2: 822 daAuts
     D:5: 429 daAuts
     D:8: 9 daAuts
